 Dungeon Sprint DCSS version 0.31-a0-879-g1609e0ac53 (webtiles) character file.

Game seed: 837664658018794821

3046 rocky1 the Carver (level 10, -13/117 HPs)
             Began as a Djinni Gladiator on Oct 15, 2023.
             Was an Initiate of Gozag.
             Mangled by a golden dragon (30 damage)
             ... in the Dungeon (Sprint II: "The Violet Keep of Menkaure").
             The game lasted 00:04:54 (687 turns).

rocky1 the Carver (Djinni Gladiator)                 Turns: 687, Time: 00:04:55

Health: -13/117    AC:  4    Str: 13    XL:     10   Next: 11%
Gold:   667        EV: 19    Int: 10    God:    Gozag SH:  0 Dex: 19

rFire   + + .        i - +1 great sword (holy)
rCold   x . .        (shield currently unavailable)
rNeg    . . .        b - +0 leather armour
rPois   ∞            c - +0 helmet
rElec   .            (no cloak)
rCorr   .            (no gloves)
SInv    .            (boots unavailable)
Will    +....        (no amulet) Stlth
                     (no ring)
HPRegen 0.39/turn    (no ring)
MPRegen 0.00/turn

%: no teleportation, infuse magic (-14 HP)
@: berserking, flying, very quick
A: sickness immunity, fire resistance 2, cold vulnerability 1, float, innate
caster, HP casting, extra vitality 1
a: Renounce Religion, Potion Petition, Call Merchant, Bribe Branch


You were in the Dungeon.
You worshipped Gozag.
Gozag was pleased with you.
You visited 1 branch You collected 1737 gold pieces.
You spent 1070 gold pieces at shops.

Inventory:

Hand Weapons
 a - a +0 long sword
 h - a +0 long sword of holy wrath
 i - a +1 great sword of holy wrath (weapon)
Missiles
 d - a throwing net (quivered)
 e - a javelin
Armour
 b - a +0 leather armour (worn)
 c - a +0 helmet (worn)
Scrolls
 k - a scroll of enchant weapon
 l - a scroll of brand weapon
Potions
 f - a potion of curing


   Skills:
 * Level 9.6 Fighting
 * Level 14.9 Long Blades
 - Level 3.2 Throwing
 + Level 3.9 Armour
 + Level 11.1 Dodging
 - Level 0.3 Stealth
 - Level 3.9 Spellcasting
 - Level 3.9 Conjurations
 - Level 3.9 Hexes
 - Level 3.9 Summonings
 - Level 3.9 Necromancy
 - Level 3.9 Translocations
 - Level 3.9 Transmutations
 - Level 3.9 Fire Magic
 - Level 3.9 Ice Magic
 - Level 3.9 Air Magic
 - Level 3.9 Earth Magic
 - Level 3.9 Poison Magic


You knew the following spells:

 Your Spells              Type           Power      Damage    Failure   Level
a - Freeze                Ice            36%        1d5       6%          1
b - Momentum Strike       Conj/Tloc      18%        3d8       10%         2
c - Wereblood             Tmut           9%         N/A       10%         2
d - Summon Guardian Gole  Hex/Summ       9%         N/A       19%         3
Your spell library was empty.

Dungeon Overview and Level Annotations

Branches:
Dungeon (1/1)

Altars:
Cheibriados
Dithmenos
Elyvilon
Fedhas
Gozag
Hepliaklqana
Makhleb
Nemelex Xobeh
Okawaru
Qazlal
Ru
Trog
Uskayaw
Wu Jian
Xom
Yredelemnul
Zin
The Shining One
Jiyva
Lugonu

Shops:
D ?::?!(=[!*?[=[?=(:*

Annotations:
D exclusions: obsidian statue and oklob plant


Innate Abilities, Weirdness & Mutations

You are immune to sickness and miasma.
You are immune to poison.
Your flesh is very heat resistant. (rF++)
You are vulnerable to cold. (rC-)
You float through the air rather than walking.
You learn spells naturally, not from books.
Your magical power is your life essence.
You have superior vitality. (+4 MHP)


Message History

HP restored.
You reach down and open the door.
There is an open door here.
You reach down and open the door.
A golden dragon comes into view.
The golden dragon roars deafeningly!
The golden dragon breathes cold at you. The bolt of cold hits you!!
You feel a terrible chill!
Found four shops.
There is an open door here.
There is an entrance to Hish's Assorted Antiques here.
A red film seems to cover your vision as you go berserk!
You feel yourself moving faster!
You feel mighty!
The golden dragon completely misses you.
The golden dragon misses you.
The golden dragon completely misses you.
You barely miss the golden dragon. The golden dragon barely misses you.
The golden dragon claws you! The golden dragon tramples you!!
You hold your ground!
You slice the golden dragon!!
The golden dragon is moderately wounded.
The golden dragon misses you. The golden dragon closely misses you.
The golden dragon tramples you!
* * * LOW HITPOINT WARNING * * *
You are shoved backwards!
You hit the golden dragon.
The golden dragon is moderately wounded.
You slash the golden dragon!
The golden dragon is heavily wounded.
The golden dragon completely misses you.
The golden dragon closely misses you. The golden dragon tramples you!
* * * LOW HITPOINT WARNING * * *
You are shoved backwards!
You hit the golden dragon but do no damage.
The golden dragon is heavily wounded.
You hit the golden dragon.
The golden dragon is heavily wounded.
The golden dragon bites you!!
You die...
Your body crumbles into a pile of gold.

######### #∩.∩∩∩D@+
#######.# ####'####
##.°°.°..##
#○○○.○°○..##
+○○.°○≈○°...#
###..°..○○..##
#~##○○...○○##
##########~~#+++#'○'##


You could see a golden dragon.

Vanquished Creatures
  A merfolk siren (D)
  12 flying skulls (D)
  2 wyverns (D)
  Menkaure (D)
  A water moccasin (D)
  5 scorpions (D)
22 creatures vanquished.

Notes
Turn   | Place    | Note
-------+----------+-------------------------------------------
     0 | D        | rocky1 the Djinni Gladiator began the quest for the Orb.
     0 | D        | Reached XP level 1. HP: 18/18 MP: 0/0
     3 | D        | Noticed a wyvern
     3 | D        | Noticed a wyvern
    14 | D        | Killed a wyvern
    15 | D        | Reached skill level 6 in Long Blades
    15 | D        | Reached XP level 2. HP: 26/26 MP: 0/0
    15 | D        | Reached XP level 3. HP: 31/31 MP: 0/0
    15 | D        | Learned a level 1 spell: Freeze
    15 | D        | Reached XP level 4. HP: 37/37 MP: 0/0
    15 | D        | Reached XP level 5. HP: 41/41 MP: 0/0
    15 | D        | Learned a level 2 spell: Momentum Strike
    17 | D        | Killed a wyvern
    18 | D        | Reached skill level 8 in Long Blades
    18 | D        | Reached XP level 6. HP: 48/48 MP: 0/0
    24 | D        | Noticed a water moccasin
    52 | D        | Killed a water moccasin
    53 | D        | Reached skill level 9 in Long Blades
    53 | D        | Reached XP level 7. HP: 49/53 MP: 0/0
    53 | D        | Learned a level 2 spell: Wereblood
    55 | D        | Found a snail-covered altar of Cheibriados.
    56 | D        | Found a shadowy altar of Dithmenos.
    57 | D        | Found a white marble altar of Elyvilon.
    57 | D        | Found a viscous altar of Jiyva.
    58 | D        | Found a blossoming altar of Fedhas.
    58 | D        | Found a corrupted altar of Lugonu.
    59 | D        | Found an opulent altar of Gozag.
    59 | D        | Found a burning altar of Makhleb.
    59 | D        | Found a bloodstained altar of Trog.
    60 | D        | Found a sparkling altar of Nemelex Xobeh.
    60 | D        | Found a hide-covered altar of Uskayaw.
    61 | D        | Found a basalt altar of Yredelemnul.
    62 | D        | Found an iron altar of Okawaru.
    62 | D        | Found a glowing silver altar of Zin.
    62 | D        | Found a hazy altar of Hepliaklqana.
    62 | D        | Found a sacrificial altar of Ru.
    62 | D        | Found a shimmering altar of Xom.
    63 | D        | Found a stormy altar of Qazlal.
    63 | D        | Found an ornate altar of the Wu Jian Council.
    63 | D        | Found a glowing golden altar of the Shining One.
    65 | D        | Noticed a water moccasin
    65 | D        | Noticed a water moccasin
    68 | D        | Became a worshipper of Gozag Ym Sagoz the Greedy
    95 | D        | Reached skill level 5 in Fighting
   103 | D        | Reached skill level 10 in Long Blades
   103 | D        | Reached skill level 1 in Spellcasting
   103 | D        | Reached skill level 1 in Conjurations
   103 | D        | Reached skill level 1 in Hexes
   103 | D        | Reached skill level 1 in Summonings
   103 | D        | Reached skill level 1 in Necromancy
   103 | D        | Reached skill level 1 in Translocations
   103 | D        | Reached skill level 1 in Transmutations
   103 | D        | Reached skill level 1 in Fire Magic
   103 | D        | Reached skill level 1 in Ice Magic
   103 | D        | Reached skill level 1 in Air Magic
   103 | D        | Reached skill level 1 in Earth Magic
   103 | D        | Reached skill level 1 in Poison Magic
   158 | D        | Noticed a merfolk siren
   176 | D        | Killed a merfolk siren
   177 | D        | Reached skill level 11 in Long Blades
   177 | D        | Reached skill level 1 in Armour
   177 | D        | Reached skill level 10 in Dodging
   177 | D        | Reached XP level 8. HP: 59/62 MP: 0/0
   191 | D        | Noticed a boulder beetle
   191 | D        | Noticed a boulder beetle
   199 | D        | Found Vov Hoqu's Jewellery Emporium.
   199 | D        | Found Peroats's Magic Scroll Emporium.
   199 | D        | Found Xiutocz Vaaj's Antique Armour Shoppe.
   199 | D        | Found Joiburaz's Antique Armour Shoppe.
   199 | D        | Found Ethugiz's Magic Scroll Emporium.
   200 | D        | Found Alofup's Distillery.
   200 | D        | Found Feaph's Antique Armour Emporium.
   200 | D        | Found Hang's Jewellery Shoppe.
   201 | D        | Found Iczasaawai's Antique Weapon Emporium.
   201 | D        | Found Emasch's Distillery.
   201 | D        | Found Deghaekk's Magic Scroll Shoppe.
   201 | D        | Noticed a yak
   202 | D        | Found Kexke's Assorted Antiques.
   202 | D        | Noticed Menkaure
   202 | D        | Noticed a yak
   202 | D        | Noticed a yak
   204 | D        | Noticed a flying skull
   208 | D        | Noticed a flying skull
   208 | D        | Noticed a flying skull
   210 | D        | Noticed a flying skull
   211 | D        | Killed Menkaure
   212 | D        | Noticed a flying skull
   218 | D        | Noticed a shining eye
   333 | D        | Reached skill level 12 in Long Blades
   399 | D        | Noticed an obsidian statue
   418 | D        | Noticed a shining eye
   421 | D        | Noticed a shining eye
   422 | D        | Found Ecoes's Book Emporium.
   422 | D        | Noticed an oklob plant
   423 | D        | Found Fiujor's Magic Scroll Shoppe.
   423 | D        | Found Beusyuga's Book Shoppe.
   429 | D        | Noticed a polar bear
   430 | D        | Noticed a polar bear
   431 | D        | Bought a glowing long sword for 162 gold pieces
   440 | D        | Bought a scroll of acquirement for 572 gold pieces
   440 | D        | Bought a scroll of enchant weapon for 82 gold pieces
   440 | D        | Bought a scroll of brand weapon for 104 gold pieces
   440 | D        | Acquired a +1 great sword of holy wrath
   448 | D        | Bought a potion of haste for 100 gold pieces
   448 | D        | Bought a potion of berserk rage for 50 gold pieces
   495 | D        | Noticed a flying skull
   497 | D        | Noticed a flying skull
   500 | D        | Noticed a flying skull
   500 | D        | Noticed a flying skull
   500 | D        | Noticed a flying skull
   500 | D        | Noticed a flying skull
   500 | D        | Noticed a flying skull
   510 | D        | Killed a flying skull
   516 | D        | Killed a flying skull
   517 | D        | Reached XP level 9. HP: 26/68 MP: 0/0
   517 | D        | Learned a level 3 spell: Summon Guardian Golem
   526 | D        | Reached skill level 13 in Long Blades
   545 | D        | Reached skill level 14 in Long Blades
   550 | D        | Reached XP level 10. HP: 36/78 MP: 0/0
   678 | D        | Found Hish's Assorted Antiques.
   678 | D        | Found Wawkuv's Book Shoppe.
   678 | D        | Found Qigastraxt's Antique Weapon Shop.
   678 | D        | Found Voplur's Jewellery Boutique.
   678 | D        | Noticed a golden dragon
   687 | D        | Mangled by a golden dragon

Illustrated notes

Levels and vault maps discovered:
D:        the_violet_keep_of_menkaure [sprint2_stairs_cluster_1,
          sprint2_shoproom, sprint2_temple, sprint2_basic_supplies,
          sprint2_obstacle_3, sprint2_obstacle_6, sprint2_obstacle_1,
          sprint2_obstacle_5, sprint2_obstacle_2, sprint2_timed_cluster_1,
          sprint2_smallroom_cluster_1, sprint2_smallroom_final_cluster_1,
          sprint2_transparent_cluster_1, sprint2_second_timed_cluster_1,
          sprint2_sniper_area_1, sprint2_heavy_combat_area_1,
          sprint2_mutation_trap_area_1, sprint2_forest_area_1,
          sprint2_light_combat_area_1, sprint2_behind_water_1,
          sprint2_near_end_vault_1]

Skill      XL: |  1  2  3  4  5  6  7  8  9 |
---------------+----------------------------+-----
Fighting       | 4 6 7 9 |  9.6
Long Blades    | 6 8 9 11 12 14 | 14.9
Throwing       | 3 |  3.2
Dodging        | 7 8 9 10 11 | 11.1
Spellcasting   | 2 3 |  3.9
Conjurations   | 2 3 |  3.9
Hexes          | 2 3 |  3.9
Summonings     | 2 3 |  3.9
Necromancy     | 2 3 |  3.9
Translocations | 2 3 |  3.9
Transmutations | 2 3 |  3.9
Fire Magic     | 2 3 |  3.9
Ice Magic      | 2 3 |  3.9
Air Magic      | 2 3 |  3.9
Earth Magic    | 2 3 |  3.9
Poison Magic   | 2 3 |  3.9
Armour         | 1 2 3 |  3.9
Stealth        | |  0.3

Action                     |  1- 3 |  4- 6 |  7- 9 | 10-12 || total
---------------------------+-------+-------+-------+-------++-------
  Melee: Long sword        |     8 |    13 |    60 |       ||    81
         Punch             |       |     1 |     3 |       ||     4
         Great sword       |       |       |    40 |     7 ||    47
  Throw: Throwing net      |     1 |     1 |     1 |       ||     3
   Cast: Wereblood         |       |       |     1 |       ||     1
    Use: Potion            |     1 |       |     3 |     1 ||     5
         Scroll            |       |       |     2 |       ||     2
   Stab: Held in net/web   |       |     1 |       |       ||     1
 Armour: Leather armour    |     2 |     4 |    30 |     6 ||    42
  Dodge: Dodged            |     7 |     8 |    51 |     8 ||    74

Table legend: (Time is in decaauts)
 A = Elapsed time spent in this place.
 B = Non-inter-level travel time spent in this place.
 C = Inter-level travel time spent in this place.
 D = Time resting spent in this place.
 E = Time spent auto-exploring this place.
 F = Levels seen in this place.
 G = Mean time per level.
                   A        B        C        D        E       F      G
               +--------+--------+--------+--------+--------+-----+--------+
         Total |    654 |    654 |      0 |    300 |      0 |   1 |  654.0 |
       Dungeon |    654 |    654 |      0 |    300 |      0 |   1 |  654.0 |
               +--------+--------+--------+--------+--------+-----+--------+

Top non-repeatable levels by time:
       D: 654 daAuts
